 Dungeon Crawl Stone Soup version 0.32-a0-768-g0f6f1dd4b9 (webtiles) character file.

Game seed: 17345502847204455499

429 Goblin1989 the Ruffian (level 6, -6/43 HPs)
             Began as a Demonspawn Shapeshifter on Mar 18, 2024.
             Was an Elder of Jiyva.
             Mangled by an ogre
             ... wielding a +0 giant club
              (26 damage)
             ... on level 5 of the Dungeon.
             The game lasted 00:04:11 (2833 turns).

Goblin1989 the Ruffian (Demonspawn Shapeshifter)    Turns: 2833, Time: 00:04:12

Health: -6/43      AC:  2    Str: 16    XL:     6   Next: 66%
Magic:  6/6        EV: 11    Int: 10    God:    Jiyva [****..]
Gold:   108        SH:  0    Dex: 13    Spells: 5/5 levels left

rFire   . .          .
                       - Unarmed
rCold   . . .        (no shield)
rNeg    . . .        a - +0 animal skin
rPois   .            (helmet currently unavailable)
rElec   .            (cloak currently unavailable)
rCorr   +            (gloves currently unavailable)
SInv    +            (boots currently unavailable)
Will    .....        (no amulet)
Stlth   +            (no ring)
HPRegen 1.55/turn    (no ring)
MPRegen 0.74/turn

%: no passive effects
@: beast-form
A: beast (slay +2), antennae 1, ignite blood 1, spiny 2, acidic bite, eyeballs 3
a: Begin Untransformation, Renounce Religion, Oozemancy, Slimify


You were on level 5 of the Dungeon.
You worshipped Jiyva.
Jiyva was greatly pleased with you.
You were a hulking beast.
You visited 1 branch of the dungeon, and saw 5 of its levels.

You collected 108 gold pieces.

Inventory:

Hand Weapons
 i - the +5 whip of Scorn {venom, rCorr}
   (You found it on level 2 of the Dungeon)

   rCorr:     It protects you from acid and corrosion.
 p - the +10 trident "Oxyeplei" {spect, Will+}
   (You found it on level 4 of the Dungeon)

   Will+:     It increases your willpower.
Missiles
 e - 7 poisoned darts (quivered)
 g - a throwing net {!d , @Q1}
 q - 3 boomerangs {@Q3}
Armour
 a - a +0 animal skin (worn)
 h - a +0 helmet
 l - the +2 leather armour of the Carpenter {rElec Regen+}
   (You found it on level 2 of the Dungeon)

   rElec:     It insulates you from electricity.
   Regen+:    It increases your rate of health regeneration.
Talismans
 c - a beast talisman (active)
 d - a flux talisman
Scrolls
 f - 2 scrolls of revelation {unknown}
 m - a scroll of amnesia {unknown}
 o - a scroll of identify {unknown}
Potions
 b - a potion of lignification
 j - 2 potions of enlightenment {unknown}
 k - a potion of heal wounds {unknown}
 n - a potion of degeneration {unknown}


   Skills:
 - Level 1.0 Fighting
 - Level 1.7 Dodging
 + Level 5.2 Unarmed Combat
 + Level 4.9 Shapeshifting


You had 5 spell levels left.
You didn't know any spells.
Your spell library contained the following spells:

 Spells                   Type           Power      Damage    Failure   Level
 Magic Dart               Conj           0%         1d3       36%         1
 Searing Ray              Conj           0%         2d4       50%         2
 Frozen Ramparts          Ice            0%         1d1       75%         3
 Ozocubu's Armour         Ice            0%         N/A       75%         3
 Fulminant Prism          Conj/Alch      0%         3d5       98%         4
 Metabolic Englaciation   Hex/Ice        0%         N/A       100%        5


Dungeon Overview and Level Annotations

Branches:
Dungeon (5/15) Zot: 26944  Temple (0/1) D:5

Altars:
Kikubaaqudgha
Nemelex Xobeh
Qazlal
Trog
Jiyva

Shops:
D:3 ?

Annotations:
D:5 1 runed translucent door, fpsbossfight's ghost, amateur GrFE


Innate Abilities, Weirdness & Mutations

You are a hulking beast.
Your limbs bulge with bestial killing power. (Slay +2)
You have a pair of small antennae on your head.
Your demonic aura sometimes causes spilled blood to erupt in flames.
You are mostly covered in sharp spines.
You have acidic saliva.
Your body is covered in eyes which may confuse attackers. (Acc +7, SInv)


Message History

No reachable target in view!
No reachable target in view!
No reachable target in view!
No reachable target in view!
No reachable target in view!
No reachable target in view!
You feel sick.
You feel sick.
You feel sick.
You are no longer poisoned.
HP restored.
An adder comes into view.
Fpsbossfight's ghost grins evilly.
The adder moves out of view.
Health restored: 43 You hear a distant slurping noise.
An adder is nearby!
An adder is nearby!
No reachable target in view!
No reachable target in view!
No reachable target in view!
No reachable target in view!
No reachable target in view!
No reachable target in view!
An adder is nearby!
An adder is nearby!
An adder is nearby!
The adder hisses angrily.
The adder bites the jelly.
The adder is burned by acid!
The adder bites the jelly.
The adder is burned by acid!
The jelly closely misses the adder.
The adder bites the jelly.
The adder is burned by acid!
The jelly barely misses the adder.
The adder bites the jelly.
The adder is burned by acid!
The jelly hits the adder.
The adder dies!
No reachable target in view!
No reachable target in view!
No reachable target in view!
No reachable target in view!
No reachable target in view!
No reachable target in view!
No reachable target in view!
No reachable target in view!
No reachable target in view!
No reachable target in view!
No reachable target in view!
No reachable target in view!
No reachable target in view!
No reachable target in view!
No reachable target in view!
No reachable target in view!
No reachable target in view!
No reachable target in view!
No reachable target in view!
No reachable target in view!
You swap places.
An ogre comes into view. It is wielding a +0 giant club.
An ogre is nearby!
An ogre is nearby!
An ogre is nearby!
The ogre shouts!
You hear a bark!
An iguana comes into view.
Found 11 gold pieces.
The iguana hisses angrily.
You hit the ogre.
The ogre is lightly wounded.
The ogre hits you with a +0 giant club!!
Ouch! That really hurt!
* * * LOW HITPOINT WARNING * * *
You are too injured to fight recklessly!
You take 25 damage, and have 18/43 hp.
MASSIVE DAMAGE!!
You are too injured to fight recklessly!
You are too injured to fight recklessly!
You are too injured to fight recklessly!
You are too injured to fight recklessly!
You are too injured to fight recklessly!
You are too injured to fight recklessly!
You are too injured to fight recklessly!
You are too injured to fight recklessly!
You are too injured to fight recklessly!
You are too injured to fight recklessly!
You are too injured to fight recklessly!
You are too injured to fight recklessly!
You are too injured to fight recklessly!
You are too injured to fight recklessly!
You are too injured to fight recklessly!
You are too injured to fight recklessly!
You are too injured to fight recklessly!
You are too injured to fight recklessly!
You are too injured to fight recklessly!
You are too injured to fight recklessly!
You are too injured to fight recklessly!
You are too injured to fight recklessly!
Unknown command.
The ogre attacks as it pursues you!
The ogre hits you with a +0 giant club!!
Ouch! That really hurt!
You die...
Jiyva sends a jelly to digest your remains.

.. ....█........ ....
$██.█.█.......████.███
........███..........
......██Ψ██..†██.██
█....██...██...█.█
█..l██..!..██..█.█
█.██...█Ψ..♣...▲..█.█
█...!○O██W.?..██..█.████
█..██..h██...██.........
██...██Ψ██J.........
█....███...█...♣.♣.
......█.........██..>..
.███████.....██.██.♣.♣.
██.█████..█..... █.█
██.█.████ █.█ .█.█ █.█
...


You could see an ogre, an iguana, fpsbossfight's ghost and a neutral jelly
(wandering) (fellow slime).

Vanquished Creatures
  A black bear (D:4)
  A phantom (D:4)
  A bombardier beetle (D:3)
  A hound (D:5)
  Natasha (twice) (D:3)
  An iguana (D:4)
  8 adders
  4 dart slugs
  2 ribbon worms
  An orc (D:4)
  9 bats
  2 endoplasms (D:1)
  A giant cockroach (D:1)
  2 goblins (D:1)
  2 hobgoblins
  3 quokkas
  3 ball pythons
  5 frilled lizards
  10 kobolds
  6 rats
65 creatures vanquished.

Vanquished Creatures (others)
  A human (D:3)
  2 jellies (D:5)
  Natasha (D:3)
  3 gnolls (D:3)
  2 adders (D:5)
  2 ribbon worms
  A dart slug (D:1)
  An endoplasm (D:2)
  A giant cockroach (D:4)
  A kobold (D:4)
  A frilled lizard (D:3)
  A goblin (D:4)
  A rat (D:3)
18 creatures vanquished.

Grand Total: 83 creatures vanquished

Notes
Turn   | Place    | Note
-------+----------+-------------------------------------------
     0 | D:1      | Goblin1989 the Demonspawn Shapeshifter began the quest for
                  | the Orb.
     0 | D:1      | Reached XP level 1. HP: 15/15 MP: 1/1
   138 | D:1      | Reached skill level 3 in Unarmed Combat
   139 | D:1      | Gained mutation: Your demonic aura sometimes causes spilled
                  | blood to erupt in flames. [demonic ancestry]
   139 | D:1      | Reached XP level 2. HP: 14/21 MP: 2/2
   280 | D:1      | Found a faded altar of an unknown god.
   292 | D:1      | Prayed at the altar of an unknown god.
   292 | D:1      | Became a worshipper of Jiyva Javypaur the Shapeless
   292 | D:1      | Reached * piety under Jiyva
   812 | D:2      | Identified the +5 whip of Scorn {venom, rCorr}
   894 | D:2      | Gained mutation: You are partially covered in sharp spines.
                  | [demonic ancestry]
   894 | D:2      | Reached XP level 3. HP: 26/26 MP: 3/3
  1057 | D:2      | Reached ** piety under Jiyva
  1173 | D:2      | Identified the +2 leather armour of the Carpenter {rElec
                  | Regen+}
  1389 | D:3      | Noticed Natasha
  1393 | D:3      | Killed Natasha
  1394 | D:3      | Gained mutation: You have a pair of small antennae on your
                  | head. [demonic ancestry]
  1394 | D:3      | Reached XP level 4. HP: 27/32 MP: 4/4
  1426 | D:3      | Found Nunan's Magic Scroll Emporium.
  1450 | D:3      | Found a bloodstained altar of Trog.
  1451 | D:3      | Noticed Natasha
  1461 | D:3      | Killed Natasha
  1462 | D:3      | Reached skill level 4 in Unarmed Combat
  1492 | D:3      | Gained mutation: You are mostly covered in sharp spines.
                  | [demonic ancestry]
  1492 | D:3      | Reached XP level 5. HP: 37/37 MP: 5/5
  1752 | D:3      | Killed Natasha
  1937 | D:3      | Found an ancient bone altar of Kikubaaqudgha.
  1940 | D:3      | Noticed a human
  1941 | D:3      | Killed a human
  2018 | D:3      | Reached *** piety under Jiyva
  2057 | D:4      | Gained mutation: Your body has grown eyes which may confuse
                  | attackers. (Acc +3) [Jiyva's grace]
  2057 | D:4      | Gained mutation: Your body has grown many eyes which may
                  | confuse attackers. (Acc +5) [Jiyva's grace]
  2057 | D:4      | Gained mutation: Your body is covered in eyes which may
                  | confuse attackers. (Acc +7, SInv) [Jiyva's grace]
  2057 | D:4      | Gained mutation: You have acidic saliva. [Jiyva's grace]
  2105 | D:4      | Noticed a phantom
  2112 | D:4      | Killed a phantom
  2218 | D:4      | Identified the +10 trident "Oxyeplei" {spect, Will+}
  2246 | D:4      | Reached XP level 6. HP: 40/43 MP: 6/6
  2385 | D:4      | Reached skill level 5 in Unarmed Combat
  2506 | D:4      | Found a sparkling altar of Nemelex Xobeh.
  2526 | D:4      | Found a stormy altar of Qazlal.
  2559 | D:4      | Reached **** piety under Jiyva
  2778 | D:5      | Entered Level 5 of the Dungeon
  2783 | D:5      | Found a staircase to the Ecumenical Temple.
  2790 | D:5      | Found a runed translucent door.
  2800 | D:5      | Noticed fpsbossfight's ghost (amateur GrFE)
  2833 | D:5      | Mangled by an ogre

Illustrated notes

Levels and vault maps discovered:
D:1:      amcnicky_arrival_flooded_fountain, layout_basic,
          ebering_ecumenical_altar_rust
D:2:      layout_loops_cross, amcnicky_mini_rare_corridor_liquid,
          corexii_leaking_fountain, minmay_pentomino_u2
D:3:      layout_basic, tgw_kikubaaqudgha, trog_three_pillars_becter,
          serial_shops, shop, uniq_natasha
D:4:      layout_gridville, mainiacjoe_overflow_24_doors,
          nemelex_xobeh_ov_fountains_minmay, mainiacjoe_overflow_brackets
D:5:      layout_basic, minmay_temple_entry_trees,
          hellmonk_ghost_happy_afterlife, minmay_circle_x

Skill      XL: |  1  2  3  4  5  6 |
---------------+-------------------+-----
Unarmed Combat | 3 4 5 |  5.2
Shapeshifting  | 3 4 |  4.9
Fighting       | |  1.0
Dodging        | |  1.7

Action                     |  1- 3 |  4- 6 || total
---------------------------+-------+-------++-------
  Melee: Unarmed           |    96 |    55 ||   151
         Punch             |     1 |     1 ||     2
         Bite              |       |     1 ||     1
   Stab: Sleeping          |     1 |     1 ||     2
         Confused          |       |     2 ||     2
 Armour: Animal skin       |    63 |    26 ||    89
  Dodge: Dodged            |    55 |    22 ||    77

Table legend: (Time is in decaauts)
 A = Elapsed time spent in this place.
 B = Non-inter-level travel time spent in this place.
 C = Inter-level travel time spent in this place.
 D = Time resting spent in this place.
 E = Time spent auto-exploring this place.
 F = Levels seen in this place.
 G = Mean time per level.
                   A        B        C        D        E       F      G
               +--------+--------+--------+--------+--------+-----+--------+
         Total |   2824 |   2665 |    159 |    100 |   2103 |   5 |  564.8 |
       Dungeon |   2824 |   2665 |    159 |    100 |   2103 |   5 |  564.8 |
               +--------+--------+--------+--------+--------+-----+--------+

Top non-repeatable levels by time:
     D:1: 718 daAuts
     D:4: 718 daAuts
     D:3: 695 daAuts
     D:2: 636 daAuts
     D:5: 54 daAuts
